 Dungeon Crawl Stone Soup version 0.22.1 (webtiles) character file.

185 JedernureinKreuz the Conjurer (level 5, -8/37 HPs)
             Began as a Gnoll Conjurer on Sept 17, 2018.
             Killed from afar by an orc wizard (9 damage)
             ... with a magic dart
             ... on level 4 of the Dungeon.
             The game lasted 00:17:44 (2384 turns).

JedernureinKreuz the Conjurer (Gnoll Conjurer)      Turns: 2384, Time: 00:17:44

Health: -8/37      AC:  2    Str: 10    XL:     5   Next: 64%
Magic:  8/12       EV: 15    Int: 19    God:
Gold:   143        SH:  0    Dex: 15    Spells: 13/14 levels left

rFire    . . .     SeeInvis .   u - +0 dagger (venom)
rCold    . . .     Gourm    .   (no shield)
rNeg     . . .     Faith    .   a - +0 robe
rPois    .         Spirit   .   (no helmet)
rElec    .         Reflect  .   (no cloak)
rCorr    .         Harm     .   (no gloves)
MR       .....                  (no boots)
Stlth    +++.......             b - amulet of rage
HPRegen  0.12/turn              (no ring)
MPRegen  0.13/turn              (no ring)

@: no status effects
A: distributed training, fangs 1, strong nose
a: Evoke Berserk Rage


You were on level 4 of the Dungeon.
You were not hungry.

You visited 1 branch of the dungeon, and saw 4 of its levels.

You collected 143 gold pieces.

Inventory:

Hand Weapons
 d - a +0 dagger
 f - a +0 short sword
 u - a +0 dagger of venom (weapon)
Missiles
 k - 37 sling bullets
 w - 42 bolts
Armour
 a - a +0 robe (worn)
Jewellery
 b - an amulet of rage (around neck)
Wands
 p - a wand of iceblast (2)
 t - a wand of acid (9)
Scrolls
 g - a scroll of enchant armour {unknown}
 i - a scroll of remove curse {unknown}
 j - 5 scrolls of identify {unknown}
 o - 3 scrolls of teleportation {unknown}
 v - a scroll of enchant weapon {unknown}
 x - a scroll of amnesia {unknown}
Potions
 e - a potion of ambrosia {unknown}
 h - 2 potions of lignification {unknown}
 l - a potion of brilliance {unknown}
 m - a potion of mutation {unknown}
 n - a potion of haste {unknown}
 q - a potion of flight {unknown}
 r - a potion of heal wounds {unknown}
 s - a potion of curing {unknown}
Comestibles
 c - 5 rations


   Skills:
 + Level 1.5 Fighting
 + Level 1.5 Short Blades
 + Level 1.5 Long Blades
 + Level 1.5 Axes
 + Level 1.5 Maces & Flails
 + Level 1.5 Polearms
 + Level 1.5 Staves
 + Level 1.5 Slings
 + Level 1.5 Bows
 + Level 1.5 Crossbows
 + Level 1.5 Throwing
 + Level 1.5 Armour
 + Level 4.8 Dodging
 + Level 4.4 Stealth
 + Level 1.5 Shields
 + Level 1.5 Unarmed Combat
 + Level 5.2 Spellcasting
 + Level 7.2 Conjurations
 + Level 1.2 Hexes
 + Level 1.2 Charms
 + Level 1.2 Summonings
 + Level 1.2 Necromancy
 + Level 1.2 Translocations
 + Level 1.2 Transmutations
 + Level 1.2 Fire Magic
 + Level 1.2 Ice Magic
 + Level 1.2 Air Magic
 + Level 1.2 Earth Magic
 + Level 1.2 Poison Magic
 + Level 1.7 Invocations
 + Level 1.5 Evocations


You had 13 spell levels left.
You knew the following spells:

 Your Spells              Type           Power        Failure   Level  Hunger
a - Magic Dart            Conj           ####         1%          1    None

Your spell library contained the following spells:

 Spells                   Type           Power        Failure   Level  Hunger
 Searing Ray              Conj           ####..       1%          2    #......
 Dazzling Spray           Conj/Hex       ###...       6%          3    ##.....
 Iskenderun's Mystic Bla  Conj           ####....     6%          4    ####...
 Force Lance              Conj/Tloc      ###.....     22%         4    ####...
 Fulminant Prism          Conj/Hex       ###.......   22%         4    ####...


Dungeon Overview and Level Annotations

Branches:
Dungeon (4/15)
 Temple: D:4-7

Altars:
Ashenzari
Yredelemnul


Innate Abilities, Weirdness & Mutations

Your experience applies equally to all skills.
You have very sharp teeth.
Your uncanny sense of smell can sniff out nearby items.


Message History

The magic dart hits you!
The orc wizard casts a spell.
The orc wizard blinks!
The orc priest calls down the wrath of Beogh upon you.
Beogh smites you!
* * * LOW HITPOINT WARNING * * *
The orc priest looks satisfied for a moment.
The orc wizard points at you and mumbles some strange words.
The puff of frost hits you!
* * * LOW HITPOINT WARNING * * *
Found a wand of acid (3).
The orc wizard gestures at you while chanting.
You resist with some effort.
The orc wizard appears out of thin air!
The orc wizard points at you and mumbles some strange words.
The magic dart hits you!
* * * LOW HITPOINT WARNING * * *
The orc wizard points at you and mumbles some strange words.
The magic dart hits you!
You die...

#..#.......#o##.+
#........
#..#.......#.####
#........ #..# .....
#....# #........
#..#########o##.##
#.....!..
#..............†.###
#.######.##.#.#....#
#................#.#
########..#......#∆.
####.o@...#
#.####..... #..
.##.. ###


You could see 2 orc wizards.

Vanquished Creatures
  A hound (D:4)
  A worker ant (D:4)
  5 adders
  2 worms (D:2)
  2 dart slugs
  A leopard gecko (D:3)
  2 giant cockroaches (D:1)
  6 hobgoblins
  11 jackals
  13 kobolds
  A quokka (D:3)
  10 bats
  5 frilled lizards
  10 goblins
  7 rats
77 creatures vanquished.

Notes
Turn   | Place    | Note
-------+----------+-------------------------------------------
     0 | D:1      | JedernureinKreuz the Gnoll Conjurer began the quest for the
                  | Orb.
     0 | D:1      | Reached XP level 1. HP: 13/13 MP: 6/6
   115 | D:1      | Reached XP level 2. HP: 19/19 MP: 4/7
   367 | D:1      | Reached XP level 3. HP: 16/25 MP: 6/9
   424 | D:1      | Reached skill level 5 in Spellcasting
   790 | D:2      | Reached skill level 1 in Invocations
   822 | D:2      | Reached skill level 1 in Fighting
   822 | D:2      | Reached skill level 1 in Short Blades
   822 | D:2      | Reached skill level 1 in Long Blades
   822 | D:2      | Reached skill level 1 in Axes
   822 | D:2      | Reached skill level 1 in Maces & Flails
   822 | D:2      | Reached skill level 1 in Polearms
   822 | D:2      | Reached skill level 1 in Staves
   822 | D:2      | Reached skill level 1 in Slings
   822 | D:2      | Reached skill level 1 in Bows
   822 | D:2      | Reached skill level 1 in Crossbows
   822 | D:2      | Reached skill level 1 in Throwing
   822 | D:2      | Reached skill level 1 in Armour
   822 | D:2      | Reached skill level 1 in Shields
   822 | D:2      | Reached skill level 1 in Unarmed Combat
   822 | D:2      | Reached skill level 1 in Evocations
   869 | D:2      | Reached XP level 4. HP: 25/32 MP: 6/11
   923 | D:2      | Found a basalt altar of Yredelemnul.
  1559 | D:3      | Reached skill level 1 in Hexes
  1559 | D:3      | Reached skill level 1 in Charms
  1559 | D:3      | Reached skill level 1 in Summonings
  1559 | D:3      | Reached skill level 1 in Necromancy
  1559 | D:3      | Reached skill level 1 in Translocations
  1559 | D:3      | Reached skill level 1 in Transmutations
  1559 | D:3      | Reached skill level 1 in Fire Magic
  1559 | D:3      | Reached skill level 1 in Ice Magic
  1559 | D:3      | Reached skill level 1 in Air Magic
  1559 | D:3      | Reached skill level 1 in Earth Magic
  1559 | D:3      | Reached skill level 1 in Poison Magic
  1630 | D:3      | Reached XP level 5. HP: 37/37 MP: 0/12
  2317 | D:4      | Found a shattered altar of Ashenzari.
  2384 | D:4      | HP: 1/37 [orc wizard/magic dart (6)]
  2384 | D:4      | Killed from afar by an orc wizard

Skill      XL: |  1  2  3  4 |
---------------+-------------+-----
Spellcasting   | 5 |  5.2
Invocations    | 1 |  1.7
Fighting       | 1 |  1.5
Short Blades   | 1 |  1.5
Long Blades    | 1 |  1.5
Axes           | 1 |  1.5
Maces & Flails | 1 |  1.5
Polearms       | 1 |  1.5
Staves         | 1 |  1.5
Slings         | 1 |  1.5
Bows           | 1 |  1.5
Crossbows      | 1 |  1.5
Throwing       | 1 |  1.5
Armour         | 1 |  1.5
Shields        | 1 |  1.5
Unarmed Combat | 1 |  1.5
Evocations     | 1 |  1.5
Hexes          | 1 |  1.2
Charms         | 1 |  1.2
Summonings     | 1 |  1.2
Necromancy     | 1 |  1.2
Translocations | 1 |  1.2
Transmutations | 1 |  1.2
Fire Magic     | 1 |  1.2
Ice Magic      | 1 |  1.2
Air Magic      | 1 |  1.2
Earth Magic    | 1 |  1.2
Poison Magic   | 1 |  1.2
Dodging        | |  4.8
Stealth        | |  4.4
Conjurations   | |  7.2

Action                   |  1- 3 |  4- 6 || total
-------------------------+-------+-------++-------
Melee: Unarmed           |     7 |       ||     7
       Bite              |     3 |     3 ||     6
       Short sword       |    24 |    31 ||    55
       Dagger            |       |    12 ||    12
       Punch             |       |     1 ||     1
 Cast: Magic Dart        |    65 |    61 ||   126
 Stab: Sleeping          |     1 |       ||     1
  Eat: Chunk             |       |     4 ||     4
Armor: Robe              |     7 |     6 ||    13
Dodge: Dodged            |    35 |    38 ||    73
